 Dungeon Crawl Stone Soup version 0.31.0-12-g77e489cdc1 (webtiles) character file.

Game seed: 12160437771194426069

2052 ExZ the Mimic (level 9, 0/57 HPs)
             Began as an Octopode Shapeshifter on Feb 17, 2024.
             Was an Initiate of Ru.
             Slain by a hornet (11 damage)
             ... on level 8 of the Dungeon.
             The game lasted 00:11:41 (5467 turns).

ExZ the Mimic (Octopode Shapeshifter)               Turns: 5467, Time: 00:11:42

Health: 0/57       AC:  1    Str: 27    XL:     9   Next: 25%
Magic:  9/9        EV: 18    Int: 14    God:    Ru [......]
Gold:   278        SH:  0    Dex: 18    Spells: 8/8 levels left

rFire   . .          .
                       - Unarmed
rCold   . . .        (shield currently unavailable)
rNeg    . . .        (helmet restricted)
rPois   .            u - amulet of regeneration
rElec   .            p - ring of see invisible
rCorr   .            r - +6 ring of strength
SInv    +            s - +6 ring of strength
Will    .....        t - +6 ring of dexterity
Stlth   +            (no ring)
HPRegen 1.09/turn    (no ring)
MPRegen 0.11/turn    (no ring)
                     (no ring)

%: no passive effects
@: lethally poisoned (0 -> -4), flux-form, slowed, glowing, very slow
A: glow, contaminating, almost no armour, amphibious, 8 rings, camouflage 1,
gelatinous body 1, (nimble swimmer 1), tentacles
a: Begin Untransformation, Renounce Religion, Sacrifice Resistance, Sacrifice
Health, Sacrifice Arcana, Reject Sacrifices


You were on level 8 of the Dungeon.
You worshipped Ru.
Ru was noncommittal.
You were something dangerously unstable.
You visited 2 branches of the dungeon, and saw 9 of its levels.

You collected 278 gold pieces.

Inventory:

Armour
 g - an orb of energy
Jewellery
 p - a ring of see invisible (left tentacle)
 r - a +6 ring of strength (right tentacle)
 s - a +6 ring of strength (on tentacle)
 t - a +6 ring of dexterity (on tentacle)
 u - an amulet of regeneration (around mantle)
 w - an amulet of the acrobat
Talismans
 b - a beast talisman
 c - a flux talisman (active)
Wands
 k - a wand of acid (2)
Scrolls
 d - 6 scrolls of teleportation
 e - a scroll of vulnerability
 f - 2 scrolls of poison
 i - 3 scrolls of enchant weapon
 n - a scroll of enchant armour
 q - a scroll of fog
 v - a scroll of fear
 y - a scroll of blinking {unknown}
 A - a scroll of brand weapon {unknown}
Potions
 a - 2 potions of lignification
 h - 3 potions of haste
 j - 3 potions of enlightenment
 l - 2 potions of mutation
 m - a potion of heal wounds {unknown}
 o - 2 potions of curing {unknown}
 x - a potion of cancellation {unknown}
 z - a potion of invisibility {unknown}


   Skills:
 * Level 3.6 Fighting
 + Level 2.3 Dodging
 + Level 3.2 Unarmed Combat
 - Level 3.7 Conjurations
 - Level 3.7 Air Magic
 - Level 9.3 Shapeshifting


You had 8 spell levels left.
You didn't know any spells.
Your spell library contained the following spells:

 Spells                   Type           Power      Damage    Failure   Level
 Mercury Vapours          Alch/Air       10%        N/A       21%         2
 Mephitic Cloud           Conj/Alch/Air  7%         N/A       30%         3
 Freezing Cloud           Conj/Ice/Air   3%         6-21      96%         5


Dungeon Overview and Level Annotations

Branches:
Dungeon (8/15)             Temple (1/1) D:5
   Lair: D:8-11

Altars:
Ashenzari
Cheibriados
Dithmenos
Elyvilon
Fedhas
Gozag
Hepliaklqana
Kikubaaqudgha
Makhleb
Nemelex Xobeh
Okawaru
Qazlal
Ru
Sif Muna
Trog
Uskayaw
Vehumet
Wu Jian
Xom
Yredelemnul
Zin
The Shining One

Shops:
D:4 ?

Annotations:
D:2 Natasha
D:3 2 transporters
D:7 exclusion: statue


Innate Abilities, Weirdness & Mutations

You are something dangerously unstable.
You glow with magical radiation, making you easy to see and hit.
Foes you strike become dangerously contaminated with magical radiation.
You are incapable of wielding weapons or throwing items.
You cannot wear most types of armour.
You are amphibious.
You can wear up to eight rings at the same time.
Your skin changes colour to match your surroundings (Stealth+).
Your rubbery body absorbs attacks. (AC +1, EV +1)
((You are camouflaged when in or above water. (Stealth+)))
You have tentacles for arms and can constrict up to eight enemies at once.


Message History

Unknown command.
Okay, then.
The kobold attacks as it pursues you! The kobold hits you with a +0 whip.
Aiming: Corrosive Bolt
Press: ? - help, Shift-Dir - straight line, f - hornet
Aim: a hornet (57% to hit)
The bolt of acid hits the kobold!
The acid corrodes the kobold!
You kill the kobold!
The bolt of acid hits the hornet!
The hornet is heavily wounded.
You closely miss the kobold. Your grab misses the kobold.
You squeeze the kobold.
You kill the kobold!
The hornet stings you!
You are poisoned.
You feel yourself slow down.
You miss the hornet. Your grab misses the hornet. You squeeze the hornet!
The hornet is severely wounded.
You feel yourself speed up.
You feel very sick. The hornet misses you. The hornet stings you.
You are more poisoned.
You suddenly lose the ability to move!
You can move again.
You tentacle-slap the hornet but do no damage.
The hornet begins to glow.
Your grab misses the hornet.
The hornet is severely wounded.
You feel very sick. The hornet stings you!
You feel yourself slow down.
Unknown command.
You tentacle-slap the hornet but do no damage.
The hornet glows dangerously bright.
You grab the hornet.
The hornet is severely wounded.
You constrict the hornet.
You feel very sick. The hornet stings you!
* * * LOW HITPOINT WARNING * * *
You feel as though you will be slow longer.
The hornet stings you!
You die...

... ..... .$
....# ..
....# #.
....# #.#
KK..#
#..#)K..#
#.K###
##Ky.######
###p.....####
######.)..#
####.# ###
#.######..
#.....##..
#####.##..
#.##.. #.##..
#..#..


You could see a hornet (heavy contam), a kobold brigand and a kobold.

Vanquished Creatures
  Joseph (D:7)
  Eustachio (D:5)
  An orc warrior (D:7)
  A sky beast (D:7)
  3 ogres
  A phantom (D:6)
  A bullfrog (D:5)
  A kobold brigand (D:6)
  A scorpion (D:7)
  4 killer bees
  A howler monkey (D:4)
  5 hounds
  2 jellies (D:6)
  7 iguanas
  A sleepcap (D:7)
  Natasha (twice) (D:2)
  Ijyb (D:4)
  An orc wizard (D:7)
  10 adders
  3 dart slugs
  A ribbon worm (D:2)
  14 orcs
  8 ball pythons
  4 bats
  3 endoplasms
  5 giant cockroaches
  4 goblins
  7 hobgoblins
  20 kobolds
  2 quokkas
  2 frilled lizards (D:1)
  4 rats
122 creatures vanquished.

Notes
Turn   | Place    | Note
-------+----------+-------------------------------------------
     0 | D:1      | ExZ the Octopode Shapeshifter began the quest for the Orb.
     0 | D:1      | Reached XP level 1. HP: 13/13 MP: 1/1
   155 | D:1      | Reached XP level 2. HP: 18/18 MP: 2/2
   403 | D:1      | Reached XP level 3. HP: 17/23 MP: 3/3
   735 | D:2      | Reached skill level 1 in Air Magic
   789 | D:2      | Noticed Natasha
   797 | D:2      | Killed Natasha
   798 | D:2      | Reached skill level 1 in Conjurations
   798 | D:2      | Reached XP level 4. HP: 26/30 MP: 4/4
  1301 | D:2      | Noticed Natasha
  1310 | D:2      | Killed Natasha
  1432 | D:2      | Noticed Natasha
  1469 | D:3      | Reached XP level 5. HP: 30/36 MP: 5/5
  1747 | D:3      | Found a blossoming altar of Fedhas.
  1751 | D:3      | Noticed a black bear
  1755 | D:3      | Noticed an ogre
  1756 | D:3      | Found a transporter.
  1795 | D:3      | Found a transporter.
  1889 | D:3      | Found an ancient bone altar of Kikubaaqudgha.
  2587 | D:4      | Found Pyrer's Magic Scroll Emporium.
  2706 | D:5      | Entered Level 5 of the Dungeon
  2744 | D:5      | Reached skill level 4 in Shapeshifting
  2744 | D:5      | Reached XP level 6. HP: 36/42 MP: 6/6
  2902 | D:5      | Noticed Eustachio
  2917 | D:5      | Killed Eustachio
  2918 | D:5      | Reached XP level 7. HP: 38/46 MP: 7/7
  3072 | D:5      | Found a bloodstained altar of Trog.
  3104 | D:4      | Reached skill level 5 in Shapeshifting
  3120 | D:4      | Noticed Ijyb
  3124 | D:4      | Paralysed by Ijyb for 3 turns
  3129 | D:4      | Killed Ijyb
  3130 | D:4      | Identified the +2 ring mail of the Dull God {rC+ Int+4}
  3546 | D:5      | Found a staircase to the Ecumenical Temple.
  3615 | Temple   | Entered the Ecumenical Temple
  3729 | Temple   | Became a worshipper of Ru the Awakened
  3781 | D:6      | Reached skill level 6 in Shapeshifting
  3781 | D:6      | Reached XP level 8. HP: 22/52 MP: 8/8
  4002 | D:6      | Found a sparkling altar of Nemelex Xobeh.
  4058 | D:6      | Reached skill level 7 in Shapeshifting
  4490 | D:7      | Reached skill level 8 in Shapeshifting
  4539 | D:7      | Found a glowing silver altar of Zin.
  4570 | D:7      | Found an ornate altar of the Wu Jian Council.
  4570 | D:7      | Found a snail-covered altar of Cheibriados.
  4576 | D:7      | Found a basalt altar of Yredelemnul.
  4579 | D:7      | Found a hide-covered altar of Uskayaw.
  4816 | D:7      | Found a burning altar of Makhleb.
  4972 | D:7      | Found a radiant altar of Vehumet.
  4973 | D:7      | Noticed Joseph
  5171 | D:7      | Killed Joseph
  5172 | D:7      | Reached skill level 9 in Shapeshifting
  5172 | D:7      | Reached XP level 9. HP: 31/56 MP: 9/9
  5457 | D:8      | Noticed a hornet
  5465 | D:8      | Paralysed by a hornet for 1 turns
  5467 | D:8      | Slain by a hornet

Illustrated notes

Levels and vault maps discovered:
D:1:      minmay_arrival_four_circles, layout_rooms
D:2:      layout_basic, kennysheep_generic_room_7, uniq_natasha
D:3:      layout_basic, lemuel_doored_altar, gammafunk_temple_overflow_arena
D:4:      layout_basic, serial_shops, nicolae_shop_behind_doors,
          chequers_hall_statues_wall_a, uniq_ijyb
D:5:      layout_loops_ring, nicolae_overflow_crystal_walls,
          minmay_temple_entry_glassed_door, nicolae_sextant, uniq_eustachio
D:6:      layout_basic, nemelex_spade_bored_becter
D:7:      layout_loops_ring, mainiacjoe_overflow_paths, vehumet_statue,
          nicolae_overflow_macrodata_refinement,
          mainiacjoe_overflow_concentric_impassable, uniq_joseph
D:8:      layout_basic, uniq_pikel
Temple:   grunt_temple_mini_profane

Skill      XL: |  1  2  3  4  5  6  7  8 |
---------------+-------------------------+-----
Air Magic      | 1 2 3 |  3.7
Fighting       | 2 3 |  3.6
Conjurations   | 1 2 3 |  3.7
Shapeshifting  | 4 6 9 |  9.3
Dodging        | |  2.3
Unarmed Combat | |  3.2

Action                     |  1- 3 |  4- 6 |  7- 9 || total
---------------------------+-------+-------+-------++-------
  Melee: Unarmed           |    65 |    77 |   139 ||   281
         Constrict         |    13 |    17 |    34 ||    64
         Tentacles         |     8 |    19 |    38 ||    65
         Punch             |     1 |     4 |     2 ||     7
  Evoke: Wand              |       |     3 |     1 ||     4
    Use: Scroll            |     2 |     4 |     5 ||    11
         Potion            |       |     1 |     2 ||     3
   Stab: Sleeping          |     2 |     8 |     5 ||    15
 Armour: Skin              |    26 |    30 |    75 ||   131
  Dodge: Dodged            |    35 |    37 |    92 ||   164
   Form: Flux              |       |       |     1 ||     1
